 Dungeon Crawl Stone Soup version 0.23-a0-29-g1be82e5 (webtiles) character file.

277655 Mgcat the Executioner (level 19, -7/158 HPs)
             Began as a Demonspawn Berserker on Aug 2, 2018.
             Was the Champion of Trog.
             Mangled by an ironheart preserver
             ... wielding a +1 great mace of holy wrath
              (32 damage)
             ... on level 2 of the Vaults on Aug 3, 2018.
             The game lasted 02:35:55 (44859 turns).

Mgcat the Executioner (Demonspawn Berserker)       Turns: 44859, Time: 02:35:56

Health: -7/158     AC: 29    Str: 23    XL:     19   Next: 61%
Magic:  35/35      EV: 14    Int: 24    God:    Trog [******]
Gold:   2035       SH:  9    Dex:  9    Spells: 18/18 levels left

rFire    + . .     SeeInvis +   s - +7 war axe "Liomiz" {speed, MP+9 Int+8 Dex-4}
rCold    + . .     Gourm    .   T - +2 shield {reflect}
rNeg     . . .     Faith    .   g - +10 ring mail of Defence {Int+2}
rPois    +         Spirit   .   x - +2 hat
rElec    .         Reflect  +   l - +2 cloak of the Thief {+Fog Slay-2 SInv Stlth+}
rCorr    +         Harm     .   r - +2 pair of gloves
MR       +++..                  (boots unavailable)
Stlth    +.........             (no amulet)
HPRegen  6.36/turn              L - ring "Aqiolor" {rCorr rC+ Int+3 Slay+3}
MPRegen  0.24/turn              z - ring of poison resistance {rPois, !d}

@: regenerating
A: talons 3, rugged brown scales 3, fire resistance 1, powered by death 2, flame
cloud immunity
}: 2/15 runes: serpentine, barnacled
a: Berserk, Trog's Hand, Brothers in Arms, Renounce Religion, Evoke Fog


You were on level 2 of the Vaults.
You worshipped Trog.
Trog was exalted by your worship.
You were very hungry.

You visited 6 branches of the dungeon, and saw 33 of its levels.
You also visited: Labyrinth and Ice Cave.

You collected 3658 gold pieces.
You spent 1623 gold pieces at shops.

Inventory:

Hand Weapons
 k - a +0 battleaxe of flaming
   (Trog gifted it to you on level 13 of the Dungeon)
 s - the +7 war axe "Liomiz" (weapon) {speed, MP+9 Int+8 Dex-4}
   (You found it on level 3 of the Lair of Beasts)

   Attacks with this weapon are significantly faster.
   It affects your intelligence (+8).
   It affects your dexterity (-4).
   It affects your magic capacity (+9).
 S - a +9 executioner's axe of protection
   (Trog gifted it to you on level 2 of the Orcish Mines)
Missiles
 f - 3 tomahawks of returning (quivered)
 u - 9 throwing nets {=f, !d}
 O - 17 javelins of penetration
Armour
 g - the +10 ring mail of Defence (worn) {Int+2}
   (You bought it in a shop on level 2 of the Orcish Mines)

   It affects your intelligence (+2).
 l - the +2 cloak of the Thief (worn) {+Fog Slay-2 SInv Stlth+}
   (You bought it in a shop on level 13 of the Dungeon)

   It affects your accuracy and damage with ranged weapons and melee attacks
   (-2).
   It lets you see invisible.
   It makes you more stealthy.
 r - a +2 pair of gloves (worn)
   (You found it on level 5 of the Dungeon)
 t - a scarf of resistance
   (You found it on level 6 of the Dungeon)
 x - a +2 hat (worn)
   (You found it on level 10 of the Dungeon)
 T - a +2 shield of reflection (worn)
   (You bought it in a shop on level 2 of the Orcish Mines)
Jewellery
 n - an uncursed ring of flight {+Fly, !d}
   (You found it on level 5 of the Dungeon)
 z - a ring of poison resistance (right hand) {rPois, !d}
   (You found it on level 2 of the Snake Pit)
 H - an uncursed ring of protection from magic {MR+, !d}
   (You took it off a tengu conjurer on level 13 of the Dungeon)
 K - an uncursed amulet of faith {Faith, !P}
   (You found it on level 13 of the Dungeon)
 L - the ring "Aqiolor" (left hand) {rCorr rC+ Int+3 Slay+3}
   (You found it on level 11 of the Dungeon)

   [ring of resist corrosion]

   It affects your intelligence (+3).
   It affects your accuracy and damage with ranged weapons and melee attacks
   (+3).
   It protects you from cold.
Wands
 i - a wand of iceblast (28)
   (You found it on level 15 of the Dungeon)
 F - a wand of disintegration (1)
   (You found it on level 5 of the Lair of Beasts)
 G - a wand of scattershot (1)
   (You took it off Nergalle on level 2 of the Lair of Beasts)
 M - a wand of clouds (4)
   (You took it off a naga ritualist on level 4 of the Snake Pit)
 V - a wand of acid (8)
   (You found it on level 1 of the Vaults)
Scrolls
 e - 4 scrolls of fear
 h - 4 scrolls of teleportation
 m - a scroll of blinking {!r}
 p - 2 scrolls of summoning
 v - 16 scrolls of remove curse
 y - 8 scrolls of identify
 C - 5 scrolls of fog
 E - 5 scrolls of enchant armour
 I - 4 scrolls of magic mapping {!r}
 W - 2 scrolls of immolation {!r}
Potions
 a - 3 potions of might
 b - 6 potions of heal wounds
 d - 2 potions of cancellation
 j - 4 potions of haste
 o - 4 potions of agility
 q - 2 potions of ambrosia
 A - 4 potions of mutation {!q}
 B - 2 potions of flight
 N - a potion of invisibility
 P - a potion of magic {unknown}
 R - 4 potions of curing
Miscellaneous
 w - a lightning rod (4/4)
   (You found it on level 11 of the Dungeon)
 J - 2 sacks of spiders
 Q - a lamp of fire
   (You found it in a labyrinth)
 U - 2 boxes of beasts
Comestibles
 c - 40 rations
 D - 3 chunks of flesh {@w0}


   Skills:
 + Level 12.9 Fighting
 * Level 22.6 Axes
 + Level 12.5 Armour
 + Level 12.5 Dodging
 - Level 10.0 Evocations


You had 18 spell levels left.
You didn't know any spells.
Your spell library was empty.

Dungeon Overview and Level Annotations

Branches:
Dungeon (15/15)            Temple (0/1) D:6            Lair (6/6) D:9
 Shoals (4/4) Lair:4        Snake (4/4) Lair:4        Slime (0/5) Lair:6
    Orc (2/2) D:12            Elf (0/3) Orc:2        Vaults (2/5) D:13
 Depths (0/5) D:15
  Crypt: Vaults:2-3

Altars:
Ashenzari
Ru
Sif Muna
Vehumet
Wu Jian
Beogh
Jiyva

Shops:
D:4 %   D:13 *   Orc:2 [[!%   Shoals:1 (

Portals:
Trove: D:10 (give 12 potions of heal wounds)

Annotations:
D:5 1 runed door, HydraWiggins's ghost, novice GrVM
Lair:3 2 transporters, Enish's ghost, journeyman TrMo
Lair:5 2 transporters, Jeis's ghost, journeyman CeWr
Snake:1 1 runed door, 1 transporter, Reomupie's ghost, adept DEAE
Snake:2 exclusion: Roxanne, Roxanne
Vaults:1 1 runed door, Kotimufi's ghost, adept OpHu


Innate Abilities, Weirdness & Mutations

You have claws for feet.
You are completely covered in rugged brown scales. (AC +3, +7% HP)
Your flesh is heat resistant. (rF+)
You regenerate health from kills.
You are immune to clouds of flame.


Message History

The orc warrior hits you from afar with a trident.
You hit the large abomination but do no damage.
Your kick misses the large abomination.
The large abomination is almost destroyed.
You hit the deep troll earth mage but do no damage.
You slash the yaktaur captain! The yaktaur captain hits you!!
You block the large abomination's attack.
The deep troll earth mage bites you but does no damage.
The deep troll earth mage closely misses you.
The deep troll earth mage claws you but does no damage.
You barely miss the large abomination. You claw the large abomination.
The large abomination is almost destroyed.
You slash the deep troll earth mage! You hit the yaktaur captain.
You block the orc warrior's attack.
You slice the large abomination!!
You destroy the large abomination!
Trog accepts your kill.
You slash the yaktaur captain! You slash the deep troll earth mage!
The yaktaur captain hits you! The deep troll earth mage bites you.
The deep troll earth mage claws you! The deep troll earth mage claws you.
Your shield prevents you from hitting the yaktaur captain.
The yaktaur captain is almost dead.
Your shield prevents you from hitting the deep troll earth mage.
The deep elf archer blinks!
You block the orc warrior's attack.
You hit the yaktaur captain. You claw the yaktaur captain.
The yaktaur captain is almost dead.
You barely miss the deep troll earth mage.
The yaktaur captain misses you. The deep troll earth mage misses you.
The deep troll earth mage claws you but does no damage.
You block the deep troll earth mage's attack.
You hit the yaktaur captain.
You kill the yaktaur captain!
Trog accepts your kill.
You barely miss the large abomination.
You barely miss the deep troll earth mage.
You block the orc warrior's attack.
You slash the deep troll earth mage!
The deep troll earth mage is almost dead.
You hit the large abomination but do no damage.
The ironheart preserver throws a stone.
The stone hits you.
The deep troll earth mage barely misses you.
The deep troll earth mage claws you but does no damage.
You block the deep troll earth mage's attack.
You block the large abomination's attack.
You slash the deep troll earth mage!
You kill the deep troll earth mage!
Trog accepts your kill.
Trog appreciates your killing of a magic user.
You slash the large abomination!
The deep elf archer unwields an uncursed dagger.
The deep elf archer wields an uncursed longbow.
The deep elf archer shoots an arrow.
The arrow hits you! The orc warrior closely misses you.
The ironheart preserver throws a stone.
The stone closely misses you.
The large abomination hits you but does no damage.
You block the orc warrior's attack.
The ironheart preserver hits you but does no damage.
Items here: (( ))) ? [[ ††† You slice the ironheart preserver!!
You claw the ironheart preserver.
The ironheart preserver is lightly wounded.
You hit the large abomination but do no damage.
You block the large abomination's attack.
The deep elf archer shoots an arrow.
You reflect the arrow off your +2 shield of reflection!
The arrow is repelled.
You slash the ironheart preserver!
The ironheart preserver is moderately wounded.
You hit the large abomination. You block the orc warrior's attack.
You hit the ironheart preserver.
The ironheart preserver is moderately wounded.
You miss the large abomination.
The large abomination closely misses you.
The deep troll earth mage points at you and mumbles some strange words.
The door shatters!
The blast of rock fragments hits you! The ironheart preserver misses you.
The deep elf archer shoots an arrow.
The arrow barely misses you.
You slash the ironheart preserver! You claw the ironheart preserver.
The ironheart preserver is heavily wounded.
You slash the large abomination!
You block the large abomination's attack.
The deep troll earth mage points at you and mumbles some strange words.
The door shatters!
The blast of rock fragments hits you! You block the orc warrior's attack.
You hear a shout!
Your shield prevents you from hitting the ironheart preserver.
You claw the ironheart preserver.
The ironheart preserver is heavily wounded.
You slash the large abomination!
The ironheart preserver mumbles some strange words.
The ironheart preserver begins to accept its allies' injuries.
The deep elf archer shoots an arrow.
The arrow hits you!
* * * LOW HITPOINT WARNING * * *
You block the large abomination's attack.
You fail to use your ability.
The orc warrior hits you from afar with a trident.
* * * LOW HITPOINT WARNING * * *
The ironheart preserver hits you with a great mace of holy wrath!!
* * * LOW HITPOINT WARNING * * *
You convulse!!
You die... #.#### #'####### .#. ........# '.. ........# #.. ........+ ..# ........# .Z## ........# TT#

...<....# #p#
........# #####@#####
........# #(.oX()...#
#####+######.#)###.#.#
.....)....##))..# .e.
...).))...##'#[## #'#
....[)...)'..### .(#
..........##+# ##
..........#
..........#


You could see an ironheart preserver, a deep troll, a deep elf archer, a large
abomination, a deep troll earth mage, an orc warrior and an orc knight
simulacrum.

Vanquished Creatures
  Rupert (Orc:2)
  A tentacled monstrosity (Vaults:2)
  Polyphemus (Shoals:4)
  3 krakens
  Agnes (Snake:4)
  Ilsuiw (Shoals:2)
  A frost giant (D:15)
  8 nagarajas
  4 vault wardens
  2 deep elf sorcerers (Vaults:2)
  6 ironheart preservers
  A stone giant (Vaults:2)
  Azrael (Orc:2)
  A minotaur (Lab)
  A large abomination (Vaults:2)
  A merfolk javelineer (Shoals:4)
  An ettin (Orc:2)
  2 deep elf death magi (Vaults:2)
  Snorg (Lair:6)
  A fire dragon (D:13)
  9 merfolk impalers
  3 yaktaur captains
  4 rakshasas
  A great orb of eyes (D:11)
  An ice dragon (Vaults:1)
  10 naga warriors
  10 hydras
  7 centaur warriors
  7 vault guards
  A death knight (Vaults:1)
  7 catoblepae
  5 anacondas
  5 merfolk avatars
  21 death yaks
  An alligator snapping turtle (Shoals:2)
  20 two-headed ogres
  4 satyrs
  4 ogre magi
  4 deep troll earth magi (Vaults:2)
  11 naga sharpshooters
  4 merfolk aquamancers
  7 shock serpents
  Nergalle (Lair:2)
  A salamander mystic (Snake:4)
  25 sea snakes
  2 unseen horrors (D:13)
  3 wizards
  A flayed ghost (Vaults:1)
  5 naga ritualists
  6 deep trolls
  12 harpies
  Pikel (D:5)
  11 mana vipers
  10 ironbrand convokers
  A wolf spider (Vaults:1)
  9 orc knights
  2 deep elf magi (Vaults:2)
  15 ugly things
  8 salamanders
  10 fauns
  An oklob plant (Lair:1)
  2 orc sorcerers (Orc:2)
  11 cyclopes
  19 manticores
  3 vault sentinels
  2 ice statues (IceCv)
  7 guardian serpents
  8 merfolk sirens
  Psyche (D:8)
  6 elephants (Lair:2)
  5 water nymphs
  33 black mambas
  5 spiny frogs
  2 gargoyles
  10 naga magi
  2 efreet
  6 yaktaurs
  A rime drake (Lair:6)
  A freezing wraith (Vaults:1)
  4 komodo dragons
  3 kobold demonologists (D:15)
  2 ice devils (Lair:4)
  2 tengu conjurers (D:13)
  3 meliai (Lair:4)
  17 trolls
  17 merfolk
  A queen bee (Lair:4)
  7 wind drakes
  17 slime creatures
  A dream sheep (Shoals:3)
  4 snapping turtles
  10 blink frogs
  11 hippogriffs
  7 wraiths
  4 shadows
  11 water elementals
  37 yaks
  7 wyverns
  2 hungry ghosts
  7 basilisks
  3 fire elementals (Orc:2)
  A golden eye (shapeshifter) (Vaults:1)
  2 steam dragons
  5 vampire mosquitoes
  50 nagas
  A soldier ant (D:13)
  9 wargs
  2 acid dragons
  9 water moccasins
  A hell hound (Orc:2)
  4 porcupines
  A floating eye (D:13)
  A swamp drake (Lair:4)
  33 orc warriors
  3 sky beasts
  2 necrophages
  A black bear (shapeshifter) (Vaults:1)
  29 ogres
  A slave (D:5)
  2 eyes of draining (D:13)
  3 black bears
  12 ice beasts
  4 phantoms
  2 boggarts (Vaults:2)
  18 wolves (Lair:1)
  17 centaurs
  13 crocodiles
  2 big kobolds
  14 bullfrogs
  2 wyvern zombies
  2 scorpions
  A hornet simulacrum (Vaults:1)
  32 killer bees
  11 wights
  10 howler monkeys
  7 crimson imps
  5 centaur zombies
  4 hounds
  A quasit (D:13)
  A bullfrog zombie (D:11)
  15 orc priests
  8 centaur skeletons
  14 jellies
  24 orc wizards
  8 iguanas
  11 worker ants
  5 hell rats
  A hound skeleton (D:4)
  A worker ant zombie (D:5)
  15 adders
  8 shadow imps
  11 oozes
  3 adder skeletons
  An adder zombie (D:7)
  5 worms
  2 dart slugs (D:1)
  6 leopard geckos
  115 orcs
  9 bats
  2 giant cockroaches
  4 goblins
  9 hobgoblins
  17 kobolds
  5 quokkas
  A ball python (D:4)
  10 frilled lizards
  A quokka skeleton (D:2)
  6 rats
  A fungus (Lair:2)
  9 plants
  10 tentacles
1265 creatures vanquished.

Vanquished Creatures (collateral kills)
  Nikola (Shoals:4)
  2 merfolk javelineers (Shoals:2)
  A merfolk impaler (Shoals:4)
  A merfolk avatar (Shoals:4)
  A harpy (Shoals:4)
  An ugly thing (IceCv)
  A cyclops (Shoals:3)
  2 merfolk sirens (Shoals:2)
  A water nymph (Shoals:4)
  5 merfolk (Shoals:4)
  A snapping turtle (Shoals:4)
  A dream sheep (Shoals:3)
  A water elemental (Shoals:4)
  An ice beast (IceCv)
20 creatures vanquished.

Vanquished Creatures (others)
  A merfolk javelineer (Shoals:4)
  A yaktaur (Vaults:1)
  A merfolk (Shoals:4)
  A slave (D:8)
  A shadow imp (D:5)
  A leopard gecko (D:8)
  An orc (D:8)
  A crawling corpse (Vaults:2)
  10 fungi
  16 plants
  29 tentacles
63 creatures vanquished.

Grand Total: 1348 creatures vanquished

Notes
Turn   | Place    | Note
-------+----------+-------------------------------------------
     0 | D:1      | Mgcat the Demonspawn Berserker began the quest for the Orb.
     0 | D:1      | Reached XP level 1. HP: 18/18 MP: 1/1
   122 | D:1      | Reached skill level 3 in Axes
   229 | D:1      | Gained mutation: You have sharp toenails. [demonic ancestry]
   229 | D:1      | Reached XP level 2. HP: 23/24 MP: 2/2
   813 | D:2      | Gained mutation: You have razor-sharp toenails. [demonic ancestry]
   813 | D:2      | Reached XP level 3. HP: 29/29 MP: 3/3
   943 | D:2      | Reached skill level 4 in Axes
  1022 | D:2      | Reached ** piety under Trog
  1118 | D:2      | Reached XP level 4. HP: 31/35 MP: 4/4
  1858 | D:3      | Reached skill level 5 in Axes
  2460 | D:4      | Gained mutation: You have claws for feet. [demonic ancestry]
  2460 | D:4      | Reached XP level 5. HP: 30/41 MP: 5/5
  2470 | D:4      | HP: 10/41 [poisoned by a worker ant]
  2475 | D:4      | HP: 6/41 [poisoned by a worker ant]
  2480 | D:4      | HP: 2/41 [poisoned by a worker ant]
  2486 | D:4      | HP: 3/41 [poisoned by a worker ant]
  2492 | D:4      | HP: 8/41 [poisoned by a worker ant]
  2909 | D:4      | Reached skill level 6 in Axes
  2992 | D:4      | Found Nennoxza's Food Emporium.
  3002 | D:4      | HP: 7/41 [iguana (10)]
  3005 | D:4      | Gained mutation: You are partially covered in rugged brown scales. (AC +1, +3% HP) [demonic ancestry]
  3005 | D:4      | Reached XP level 6. HP: 11/48 MP: 6/6
  3427 | D:4      | Reached *** piety under Trog
  3541 | D:4      | Reached skill level 7 in Axes
  3609 | D:5      | Entered Level 5 of the Dungeon
  3652 | D:5      | Found a sacrificial altar of Ru.
  3662 | D:5      | Received a gift from Trog
  3662 | D:5      | Reached XP level 7. HP: 31/53 MP: 7/7
  3785 | D:5      | HP: 6/53 [slave[Pikel] (8)]
  3978 | D:5      | Noticed Pikel
  3994 | D:5      | Killed Pikel
  3994 | D:5      | Reached skill level 9 in Axes
  3994 | D:5      | Gained mutation: Your flesh is heat resistant. (rF+) [demonic ancestry]
  3994 | D:5      | Reached XP level 8. HP: 46/59 MP: 8/8
  4607 | D:5      | Reached skill level 10 in Axes
  4943 | D:5      | Found a runed door.
  4949 | D:5      | Noticed HydraWiggins's ghost (novice GrVM)
  5218 | D:6      | Reached skill level 4 in Fighting
  5247 | D:6      | Found a staircase to the Ecumenical Temple.
  5249 | D:6      | Noticed a hippogriff
  5258 | D:6      | Killed a hippogriff
  5698 | D:6      | Reached XP level 9. HP: 66/66 MP: 9/9
  6365 | D:7      | Found a shattered altar of Ashenzari.
  6371 | D:7      | Got a brightly glowing quarterstaff
  6379 | D:7      | Identified the +4 quarterstaff "Voyhomp" {pain, Int+6} (You found it on level 7 of the Dungeon)
  6453 | D:7      | HP: 6/68 [wyvern zombie (12)]
  6454 | D:7      | Reached skill level 5 in Fighting
  6700 | D:7      | Found an ornate altar of the Wu Jian Council.
  6816 | D:7      | Got a jewelled quarterstaff
  6822 | D:7      | Identified the cursed +1 quarterstaff "Zikod" {venom, rC+ Int+2 Dex-3} (You found it on level 7 of the Dungeon)
  6891 | D:7      | Reached skill level 11 in Axes
  7276 | D:8      | Noticed Psyche
  7284 | D:8      | Killed Psyche
  7312 | D:8      | Reached skill level 12 in Axes
  7660 | D:8      | HP: 17/69 [orc wizard/dagger (1)]
  7680 | D:8      | HP: 13/69 [orc wizard/magic dart (2)]
  7894 | D:8      | Gained mutation: You regenerate a little health from kills. [demonic ancestry]
  7894 | D:8      | Reached XP level 10. HP: 73/75 MP: 10/10
  8315 | D:8      | Found a roughly hewn altar of Beogh.
  8347 | D:8      | HP: 7/75 [orc warrior/glaive (20)]
  8360 | D:8      | HP: 17/76 [orc warrior/glaive (13)]
  8746 | D:9      | Reached **** piety under Trog
  8765 | D:9      | Reached skill level 13 in Axes
  8826 | D:9      | Found a staircase to the Lair.
  8860 | D:9      | HP: 16/76 [warg (4)]
  8865 | D:9      | HP: 13/76 [warg (4)]
  8868 | D:9      | HP: 5/76 [warg (8)]
  9080 | D:9      | Found a radiant altar of Vehumet.
  9694 | D:9      | Reached skill level 14 in Axes
  9703 | D:9      | Reached skill level 2 in Armour
  9898 | D:10     | Entered Level 10 of the Dungeon
  9993 | D:10     | Reached skill level 3 in Armour
 10081 | D:10     | Noticed a two-headed ogre
 10087 | D:10     | Killed a two-headed ogre
 10087 | D:10     | Reached skill level 4 in Armour
 10123 | D:10     | Found a portal to a secret trove of treasure.
 10423 | D:10     | Noticed a two-headed ogre
 10428 | D:10     | Killed a two-headed ogre
 10428 | D:10     | Reached skill level 5 in Armour
 10428 | D:10     | Gained mutation: You are immune to clouds of flame. [demonic ancestry]
 10428 | D:10     | Reached XP level 11. HP: 68/81 MP: 11/11
 10518 | D:10     | Identified a scroll of acquirement
 10590 | D:11     | Reached skill level 2 in Dodging
 10711 | D:11     | Reached skill level 3 in Dodging
 10944 | D:11     | Found a transporter.
 10999 | D:11     | Reached skill level 4 in Dodging
 11096 | D:11     | Found a viscous altar of Jiyva.
 11133 | D:11     | Reached skill level 5 in Dodging
 11459 | Lair:1   | Entered Level 1 of the Lair of Beasts
 11547 | Lair:1   | Reached ***** piety under Trog
 11549 | D:9      | HP: 30/121 [poisoned by a spiny frog]
 11554 | D:9      | HP: 16/81 [poisoned by a spiny frog]
 11559 | D:9      | HP: 17/81 [poisoned by a spiny frog]
 11564 | D:9      | HP: 20/81 [poisoned by a spiny frog]
 11962 | Lair:1   | Reached skill level 15 in Axes
 12232 | Lair:1   | Noticed an oklob plant
 12386 | Lair:1   | Killed an oklob plant
 12389 | Lair:1   | Got a smelly scale mail
 12436 | Lair:1   | Identified the +1 scale mail "Lotwelei" {-Tele rCorr MP+9 Dex-2} (You found it on level 1 of the Lair of Beasts)
 12875 | Lair:2   | Noticed a four-headed hydra
 12883 | Lair:2   | Killed a seven-headed hydra
 12883 | Lair:2   | Gained mutation: You regenerate health from kills. [demonic ancestry]
 12883 | Lair:2   | Reached XP level 12. HP: 88/88 MP: 12/12
 13004 | Lair:2   | Noticed Nergalle
 13011 | Lair:2   | Killed Nergalle
 13082 | Lair:2   | Reached skill level 16 in Axes
 13427 | Lair:2   | Noticed a five-headed hydra
 13434 | Lair:2   | Killed a six-headed hydra
 13976 | Lair:3   | Noticed a seven-headed hydra
 13979 | Lair:3   | Killed a seven-headed hydra
 14061 | Lair:3   | Found a transporter.
 14062 | Lair:3   | Found a transporter.
 14062 | Lair:3   | Noticed Enish's ghost (journeyman TrMo)
 14217 | Lair:3   | Got an iridescent war axe
 14218 | Lair:3   | Identified the +7 war axe "Liomiz" {speed, MP+9 Int+8 Dex-4} (You found it on level 3 of the Lair of Beasts)
 14807 | Lair:4   | Found a frozen archway.
 14823 | Lair:4   | Reached skill level 17 in Axes
 14989 | IceCv    | Entered an ice cave
 15064 | IceCv    | Found a transporter.
 15080 | IceCv    | Found a transporter.
 15103 | IceCv    | Got a pair of scorched gloves
 15118 | IceCv    | Identified the cursed +0 pair of gloves of Divine Intervention {Dex+2} (You found it in an ice cave)
 15299 | Lair:4   | Found a staircase to the Shoals.
 15305 | Lair:4   | Noticed a six-headed hydra
 15316 | Lair:4   | Killed an eight-headed hydra
 15408 | Lair:4   | Reached XP level 13. HP: 81/93 MP: 13/13
 15772 | Lair:4   | Found a staircase to the Snake Pit.
 15868 | Lair:4   | Received a gift from Trog
 16067 | Lair:4   | Reached skill level 18 in Axes
 16186 | Lair:4   | Noticed Sonja
 16189 | Lair:4   | Noticed Sonja
 16189 | Lair:4   | Sonja changed into Sonja the warg
 16197 | Lair:4   | Killed Sonja the warg
 16888 | Lair:5   | Got a slimy lead ring
 16889 | Lair:5   | Identified the ring "Locetwoe" {*Tele MR+ Slay+2 Stlth-} (You found it on level 5 of the Lair of Beasts)
 16889 | Lair:5   | Noticed Jeis's ghost (journeyman CeWr)
 17170 | Lair:5   | Reached skill level 19 in Axes
 17251 | Lair:5   | Found a transporter.
 17344 | Lair:5   | Found a transporter.
 17432 | Lair:6   | Entered Level 6 of the Lair of Beasts
 17433 | Lair:6   | Noticed Snorg
 17629 | Lair:6   | Found a labyrinth entrance.
 17644 | Lab      | Entered a labyrinth
 18083 | Lab      | Noticed a minotaur
 18092 | Lab      | Killed a minotaur
 18300 | Lair:6   | Killed Snorg
 18470 | Lair:6   | Gained mutation: You are mostly covered in rugged brown scales. (AC +2, +5% HP) [demonic ancestry]
 18470 | Lair:6   | Reached XP level 14. HP: 77/102 MP: 14/14
 18971 | Lair:6   | Reached skill level 20 in Axes
 19246 | Lair:6   | Reached skill level 6 in Fighting
 19672 | Lair:6   | Found a staircase to the Slime Pits.
 20234 | D:12     | Reached skill level 7 in Fighting
 20623 | D:12     | Found a staircase to the Orcish Mines.
 21120 | Orc:1    | Entered Level 1 of the Orcish Mines
 21601 | Orc:2    | Entered Level 2 of the Orcish Mines
 21601 | Orc:2    | Noticed Azrael
 21618 | Orc:2    | Reached skill level 8 in Fighting
 21623 | Orc:2    | Killed Azrael
 21685 | Orc:2    | Noticed Rupert
 21710 | Orc:2    | Killed Rupert
 21710 | Orc:2    | Reached skill level 9 in Fighting
 21864 | Orc:2    | Received a gift from Trog
 21984 | Orc:2    | Found a staircase to the Elven Halls.
 22033 | Orc:2    | Found Bikh's Armour Shop.
 22033 | Orc:2    | Found Feli's Food Shop.
 22039 | Orc:2    | Reached skill level 10 in Fighting
 22056 | Orc:2    | Reached skill level 6 in Armour
 22073 | Orc:2    | Reached skill level 6 in Dodging
 22074 | Orc:2    | Found Weffaijytt's Antique Armour Shoppe.
 22077 | Orc:2    | Reached XP level 15. HP: 120/120 MP: 15/15
 22089 | Orc:2    | Reached skill level 7 in Armour
 22178 | Orc:2    | Bought a +2 shield of reflection for 259 gold pieces
 22192 | Orc:2    | Found Vekar's Distillery.
 22205 | Orc:2    | Bought a glowing cloak for 255 gold pieces
 22906 | D:13     | Reached skill level 7 in Dodging
 23182 | D:13     | Reached skill level 8 in Armour
 23309 | D:13     | Found Ecoetaz's Assorted Antiques.
 23490 | D:13     | Received a gift from Trog
 23673 | D:13     | Reached skill level 8 in Dodging
 23749 | D:13     | Paralysed by a floating eye for 3 turns
 23763 | D:13     | Paralysed by a floating eye for 3 turns
 23840 | D:13     | Received a gift from Trog
 24039 | D:13     | Found a gate to the Vaults.
 24509 | D:14     | Reached skill level 9 in Armour
 25067 | D:15     | Entered Level 15 of the Dungeon
 25470 | D:15     | Reached skill level 9 in Dodging
 25636 | D:15     | Found a staircase to the Depths.
 25636 | D:15     | Noticed a frost giant
 25642 | D:15     | Killed a frost giant
 26064 | D:11     | Found a transporter.
 26105 | D:11     | Got a brightly glowing jade ring
 26108 | D:11     | Identified the ring "Aqiolor" {rCorr rC+ Int+3 Slay+3} (You found it on level 11 of the Dungeon)
 26210 | D:13     | Bought the +2 cloak of the Thief {+Fog Slay-2 SInv Stlth+} for 643 gold pieces
 26210 | D:13     | Found the +2 cloak of the Thief {+Fog Slay-2 SInv Stlth+}
 26346 | Shoals:1 | Entered Level 1 of the Shoals
 26576 | Shoals:1 | Reached skill level 10 in Armour
 26576 | Shoals:1 | Reached skill level 1 in Evocations
 26682 | Shoals:1 | Reached XP level 16. HP: 127/128 MP: 17/17
 26832 | Shoals:1 | Reached skill level 2 in Evocations
 27431 | Shoals:1 | Reached skill level 10 in Dodging
 27470 | Shoals:1 | Reached skill level 3 in Evocations
 27549 | Shoals:1 | Found Rifipsaopn's Antique Weapon Boutique.
 27817 | Shoals:2 | Reached skill level 4 in Evocations
 28127 | Shoals:2 | Reached skill level 5 in Evocations
 28670 | Shoals:2 | Noticed Ilsuiw
 28686 | Shoals:2 | Received a gift from Trog
 28697 | Shoals:2 | Killed Ilsuiw
 28697 | Shoals:2 | Reached skill level 6 in Evocations
 28832 | Shoals:2 | Reached skill level 7 in Evocations
 29272 | Shoals:3 | Reached skill level 8 in Evocations
 29566 | Shoals:3 | Reached skill level 9 in Evocations
 29669 | Shoals:3 | HP: 48/192 [merfolk impaler/trident (7)]
 30083 | Shoals:3 | Reached skill level 10 in Evocations
 30090 | Shoals:3 | Noticed a kraken
 30111 | Shoals:3 | Noticed a kraken
 30121 | Shoals:3 | Killed a kraken
 30123 | Shoals:3 | Killed a kraken
 30146 | Shoals:3 | HP: 32/128 [drowned by a water elemental (5)]
 31091 | Shoals:4 | Entered Level 4 of the Shoals
 31101 | Shoals:4 | Received a gift from Trog
 31110 | Shoals:4 | Got a crude battleaxe {god gift}
 31117 | Shoals:4 | Identified the +2 battleaxe of Trog's Brutal Revenge {vamp, Int+4} (Trog gifted it to you on level 4 of the Shoals)
 31123 | Shoals:4 | Noticed Nikola
 31130 | Shoals:4 | Killed Nikola
 31595 | Shoals:4 | Noticed a kraken
 31614 | Shoals:4 | Reached XP level 17. HP: 53/134 MP: 24/24
 31616 | Shoals:4 | HP: 28/134 [merfolk impaler/trident of venom (10)]
 31630 | Shoals:4 | HP: 24/134 [merfolk impaler/trident of venom (18)]
 31635 | Shoals:4 | HP: 16/134 [poisoned by a merfolk impaler]
 31640 | Shoals:4 | HP: 20/134 [poisoned by a merfolk impaler]
 31645 | Shoals:3 | HP: 21/134 [poisoned by a merfolk impaler]
 31650 | Shoals:3 | HP: 22/134 [poisoned by a merfolk impaler]
 31655 | Shoals:3 | HP: 23/134 [poisoned by a merfolk impaler]
 31661 | Shoals:3 | HP: 24/134 [poisoned by a merfolk impaler]
 31666 | Shoals:3 | HP: 23/134 [poisoned by a merfolk impaler]
 31672 | Shoals:3 | HP: 22/134 [poisoned by a merfolk impaler]
 31681 | Shoals:3 | HP: 22/134 [poisoned by a merfolk impaler]
 31687 | Shoals:3 | HP: 23/134 [poisoned by a merfolk impaler]
 31695 | Shoals:3 | HP: 23/134 [poisoned by a merfolk impaler]
 32428 | Snake:1  | Entered Level 1 of the Snake Pit
 32428 | Snake:1  | Found a runed door.
 32630 | D:13     | Bought a knobbly tourmaline ring for 160 gold pieces
 33059 | Orc:2    | Bought a translucent ring mail for 306 gold pieces
 33069 | Orc:2    | Identified the +10 ring mail of Defence {Int+2} (You bought it in a shop on level 2 of the Orcish Mines)
 33346 | Snake:1  | Noticed Reomupie's ghost (adept DEAE)
 33501 | Snake:1  | HP: 42/201 [shock serpent (13)]
 33506 | Snake:1  | HP: 27/201 [poisoned by a naga ritualist]
 33511 | Snake:1  | HP: 12/134 [poisoned by a naga ritualist]
 33516 | Snake:1  | HP: 10/134 [poisoned by a naga ritualist]
 33521 | Snake:1  | HP: 8/134 [poisoned by a naga ritualist]
 33526 | Snake:1  | HP: 8/134 [poisoned by a naga ritualist]
 33534 | Snake:1  | HP: 9/134 [poisoned by a naga ritualist]
 34010 | Snake:1  | Upgraded the game from 0.23-a0-14-g8c9a20f to 0.23-a0-29-g1be82e5
 34539 | Snake:1  | Reached skill level 21 in Axes
 35026 | Snake:1  | Found a transporter.
 35036 | Snake:1  | Found a deep blue altar of Sif Muna.
 35173 | Snake:2  | Noticed Roxanne
 35393 | Snake:2  | Received a gift from Trog
 35396 | Snake:2  | Got an iridescent battleaxe {god gift}
 35397 | Snake:2  | Identified the +8 battleaxe "Ibocaf" {chaos, MR+} (Trog gifted it to you on level 2 of the Snake Pit)
 36684 | Snake:3  | Got a faintly glowing robe
 37013 | Snake:4  | Entered Level 4 of the Snake Pit
 37103 | Snake:4  | HP: 27/135 [shock serpent (12)]
 38217 | Shoals:4 | Noticed Polyphemus
 38231 | Shoals:4 | Killed Polyphemus
 38472 | Shoals:4 | Reached skill level 11 in Fighting
 39258 | Shoals:4 | Killed a kraken
 39270 | Shoals:4 | Got a barnacled rune of Zot
 39387 | Shoals:4 | Reached skill level 11 in Dodging
 39387 | Shoals:4 | Reached XP level 18. HP: 91/144 MP: 25/25
 39391 | Shoals:4 | Reached skill level 11 in Armour
 40368 | Snake:4  | Noticed Agnes
 40381 | Snake:4  | Killed Agnes
 42097 | Snake:4  | Got a serpentine rune of Zot
 42525 | Vaults:1 | Entered Level 1 of the Vaults
 42552 | Vaults:1 | Reached skill level 22 in Axes
 42577 | Vaults:1 | Reached skill level 12 in Fighting
 42585 | Vaults:1 | Received a gift from Trog
 43058 | Vaults:1 | Gained mutation: You are completely covered in rugged brown scales. (AC +3, +7% HP) [demonic ancestry]
 43058 | Vaults:1 | Reached XP level 19. HP: 109/156 MP: 26/26
 43225 | Vaults:1 | Reached skill level 12 in Armour
 43300 | Vaults:1 | Found a runed door.
 43307 | Vaults:1 | Reached ****** piety under Trog
 43307 | Vaults:1 | Reached skill level 12 in Dodging
 43905 | Vaults:1 | Noticed Kotimufi's ghost (adept OpHu)
 44295 | Vaults:2 | Received a gift from Trog
 44859 | Vaults:2 | HP: 25/158 [ironheart preserver/great mace of holy wrath (21)]
 44859 | Vaults:2 | Mangled by an ironheart preserver

Vault maps used:
D:1:      onia_arrival_pyramid
D:3:      first_ration, due_unseen_surprise
D:4:      serial_shops, shop
D:5:      cheibrodos_barr_body, ebering_ghost_inner_flame,
          nicolae_ru_sacrificial_ziggurat, uniq_pikel
D:6:      minmay_temple_entry_glass
D:7:      basic_altar, evilmike_ruin_ashenzari
D:8:      special_room, grunt_decor_mini_mirrors, grunt_ogre_cave, uniq_psyche
D:9:      corexii_shack_village, lemuel_round_altar, erik_lair_orcish_takeover
D:10:     nicolae_trove_entry_diagonal, interstate_on_off,
          kennysheep_generic_room_14
D:11:     gammafunk_jiyva_shrine
D:12:     david_orc_2
D:13:     minmay_the_grid_octo_tiled_squarecenter, david_vaults_4, serial_shops,
          shop, onia_ninara_cookie
D:14:     stair_cage_line
D:15:     grunt_enter_depths_snipers, hangedman_abyss_or_decor_jellyfish_corner
Lair:1:   lemuel_slime, minmay_hedge_maze
Lair:2:   uniq_nergalle
Lair:3:   gammafunk_ghost_arena, infiniplex_staircase_pool_2
Lair:4:   minmay_shoals_entry_centaurs, minmay_snake_entry_guardpost_small,
          portal_ice_cave_demonic_guard, disabler_island, uniq_sonja
Lair:5:   gammafunk_ghost_arena, nicolae_quartered_pool_medium, st_stairs_8
Lair:6:   evilmike_catoblepas_cave, dpeg_slime_entry_corner, lab_entry_generic,
          uniq_snorg
Shoals:1: serial_shops, nicolae_shop_waterfront
Shoals:2: nzn_motion_control, uniq_ilsuiw
Shoals:4: shoals_end_hangedman, uniq_polyphemus, uniq_nikola
Snake:1:  gammafunk_sealed_library, ebering_ghost_inner_flame, lemuel_fruit_tree
Snake:2:  grunt_ministairs_11, uniq_roxanne
Snake:3:  spider_trap
Snake:4:  grunt_snake_rune_pools, uniq_agnes
Orc:2:    st_orc_open, uniq_rupert, uniq_azrael
Vaults:1: ebering_vaults_ghost_reflecting_pool, hangedman_vaults_stream,
          nicolae_vaults_circle_grid_a, vaults_room_hallway,
          hangedman_vaults_corner, ontoclasm_vaults_loading_screen,
          ontoclasm_vaults_gateway, hangedman_vaults_hat,
          nicolae_vaults_ring_of_whatevers, v_misc_26, hangedman_vaults_stitches
Vaults:2: ebering_vaults_ghost_xom, grunt_vaults_bifocal,
          hangedman_vaults_nails, nicolae_vaults_little_squares_2,
          nicolae_vaults_quartermaster, nicolae_vaults_three_branches,
          nicolae_vaults_circle_grid_a, hangedman_vaults_cutoff, v_misc_29,
          v_misc_9, ontoclasm_vaults_ring_small, hangedman_vaults_restitches,
          nicolae_vaults_little_squares_1, serial_ice_g, vaults_room_grid
Lab:      labyrinth_spiral, nicolae_lab_big_swirl, nicolae_lab_plus
IceCv:    ice_cave_statue_garden_transporter

Skill      XL: |  1  2  3  4  5  6  7  8  9 10 11 12 13 14 15 16 17 18 19 |
---------------+----------------------------------------------------------+-----
Axes           | 3 4 5 6 7 9 10 12 14 15 17 19 20 21 22 | 22.6
Fighting       | 4 5 10 11 12 | 12.9
Armour         | 5 6 10 11 12 | 12.5
Dodging        | 5 6 9 10 11 12 | 12.5
Evocations     | 1 10 | 10.0

Action                   |  1- 3 |  4- 6 |  7- 9 | 10-12 | 13-15 | 16-18 | 19-21 || total
-------------------------+-------+-------+-------+-------+-------+-------+-------++-------
Melee: Hand axe          |    91 |   167 |   127 |       |       |       |       ||   385
       Kick              |    14 |    44 |    99 |   225 |   346 |   558 |   138 ||  1424
       Whip              |       |       |    15 |       |       |       |       ||    15
       War axe           |       |       |    68 |   376 |  1103 |  1897 |   410 ||  3854
       Quarterstaff      |       |       |   126 |    54 |       |       |       ||   180
       Broad axe         |       |       |       |   334 |       |       |       ||   334
       Executioner's axe |       |       |       |       |   182 |    47 |       ||   229
       Battleaxe         |       |       |       |       |    17 |       |       ||    17
Throw: Tomahawk          |       |       |       |       |     4 |     7 |       ||    11
Invok: Berserk           |     2 |     3 |    12 |    17 |    18 |    19 |     1 ||    72
       Trog's Hand       |       |     3 |     6 |    14 |    13 |    17 |     3 ||    56
       Brothers in Arms  |       |       |       |     1 |     1 |     6 |       ||     8
 Abil: Evoke Fog         |       |       |       |       |     3 |    38 |       ||    41
Evoke: Wand              |       |       |       |    12 |    17 |     3 |       ||    32
       Lightning rod     |       |       |       |       |       |     4 |       ||     4
       Lamp of fire      |       |       |       |       |       |     2 |       ||     2
  Use: Scroll            |       |     7 |    12 |    13 |    12 |    13 |       ||    57
       Potion            |       |     3 |     1 |     6 |       |     9 |       ||    19
 Stab: Invisible         |       |       |       |     3 |       |       |       ||     3
       Distracted        |       |       |       |     1 |     1 |       |       ||     2
       Petrifying        |       |       |       |       |       |     1 |       ||     1
       Petrified         |       |       |       |       |       |     1 |       ||     1
       Sleeping          |       |       |       |       |       |     1 |       ||     1
  Eat: Chunk             |     3 |    12 |    19 |    28 |    45 |    23 |     6 ||   136
       Ration            |       |       |     2 |     5 |     7 |    19 |       ||    33
Armor: Animal skin       |    18 |       |       |       |       |       |       ||    18
       Scale mail        |     8 |    65 |    89 |       |       |       |       ||   162
       Plate armour      |       |       |    54 |   382 |   524 |   302 |       ||  1262
       Ring mail         |       |       |       |       |       |   367 |   105 ||   472
Dodge: Dodged            |    66 |    53 |    83 |   212 |   330 |   511 |   129 ||  1384
       Deflected         |       |       |       |       |     1 |       |       ||     1
Block: Shield            |     9 |    55 |    47 |   176 |   205 |   583 |   112 ||  1187
       Reflection        |       |       |       |       |     1 |    58 |     9 ||    68

Table legend:
 A = Spawn XP
 B = Non-spawn XP
 C = Spawn XP percentage of total XP
 D = Spawn monster count
 E = Non-spawn monster count
 F = Spawn count percentage of total count
 G = Total turns spent on level
                    A         B        C        D         E        F      G
               +---------+---------+-------+---------+---------+-------+---------
         Total |       0 |  436639 |   0.0 |       0 |    1267 |   0.0 | 44859
               +---------+---------+-------+---------+---------+-------+---------
           D:1 |       0 |      37 |   0.0 |       0 |      20 |   0.0 |   842
           D:2 |       0 |     104 |   0.0 |       0 |      26 |   0.0 |   933
           D:3 |       0 |      46 |   0.0 |       0 |      14 |   0.0 |   658
           D:4 |       0 |     483 |   0.0 |       0 |      26 |   0.0 |  1347
           D:5 |       0 |    1622 |   0.0 |       0 |      25 |   0.0 |  1391
           D:6 |       0 |     580 |   0.0 |       0 |       8 |   0.0 |  1183
           D:7 |       0 |    1098 |   0.0 |       0 |      27 |   0.0 |   899
           D:8 |       0 |    2101 |   0.0 |       0 |      47 |   0.0 |  1552
           D:9 |       0 |    3201 |   0.0 |       0 |      52 |   0.0 |  1599
          D:10 |       0 |    2632 |   0.0 |       0 |      14 |   0.0 |  1016
          D:11 |       0 |    6838 |   0.0 |       0 |      49 |   0.0 |  1108
          D:12 |       0 |    4637 |   0.0 |       0 |      32 |   0.0 |  1329
          D:13 |       0 |   23883 |   0.0 |       0 |      81 |   0.0 |  1843
          D:14 |       0 |    3228 |   0.0 |       0 |      13 |   0.0 |  1016
          D:15 |       0 |   10753 |   0.0 |       0 |      31 |   0.0 |   884
        Lair:1 |       0 |    5621 |   0.0 |       0 |      54 |   0.0 |  1237
        Lair:2 |       0 |    8097 |   0.0 |       0 |      23 |   0.0 |  1522
        Lair:3 |       0 |    2320 |   0.0 |       0 |       9 |   0.0 |   819
        Lair:4 |       0 |   14789 |   0.0 |       0 |      64 |   0.0 |  1592
        Lair:5 |       0 |    8981 |   0.0 |       0 |      16 |   0.0 |  1137
        Lair:6 |       0 |   20710 |   0.0 |       0 |      47 |   0.0 |  1726
      Shoals:1 |       0 |   10131 |   0.0 |       0 |      19 |   0.0 |  1000
      Shoals:2 |       0 |   19340 |   0.0 |       0 |      35 |   0.0 |  1798
      Shoals:3 |       0 |   26527 |   0.0 |       0 |      47 |   0.0 |  3201
      Shoals:4 |       0 |   40841 |   0.0 |       0 |      63 |   0.0 |  1870
       Snake:1 |       0 |   24434 |   0.0 |       0 |      45 |   0.0 |  2076
       Snake:2 |       0 |    7930 |   0.0 |       0 |      16 |   0.0 |  1078
       Snake:3 |       0 |    8096 |   0.0 |       0 |      16 |   0.0 |   657
       Snake:4 |       0 |   55980 |   0.0 |       0 |      93 |   0.0 |  2779
         Orc:1 |       0 |     938 |   0.0 |       0 |      23 |   0.0 |   579
         Orc:2 |       0 |   24706 |   0.0 |       0 |      70 |   0.0 |  1014
      Vaults:1 |       0 |   43582 |   0.0 |       0 |      93 |   0.0 |  1476
      Vaults:2 |       0 |   48569 |   0.0 |       0 |      58 |   0.0 |   858
           Lab |       0 |    1215 |   0.0 |       0 |       1 |   0.0 |   556
         IceCv |       0 |    2589 |   0.0 |       0 |      10 |   0.0 |   284
               +---------+---------+-------+---------+---------+-------+---------

Vault maps used:
D:1:      onia_arrival_pyramid
D:3:      first_ration, due_unseen_surprise
D:4:      serial_shops, shop
D:5:      cheibrodos_barr_body, ebering_ghost_inner_flame,
          nicolae_ru_sacrificial_ziggurat, uniq_pikel
D:6:      minmay_temple_entry_glass
D:7:      basic_altar, evilmike_ruin_ashenzari
D:8:      special_room, grunt_decor_mini_mirrors, grunt_ogre_cave, uniq_psyche
D:9:      corexii_shack_village, lemuel_round_altar, erik_lair_orcish_takeover
D:10:     nicolae_trove_entry_diagonal, interstate_on_off,
          kennysheep_generic_room_14
D:11:     gammafunk_jiyva_shrine
D:12:     david_orc_2
D:13:     minmay_the_grid_octo_tiled_squarecenter, david_vaults_4, serial_shops,
          shop, onia_ninara_cookie
D:14:     stair_cage_line
D:15:     grunt_enter_depths_snipers, hangedman_abyss_or_decor_jellyfish_corner
Lair:1:   lemuel_slime, minmay_hedge_maze
Lair:2:   uniq_nergalle
Lair:3:   gammafunk_ghost_arena, infiniplex_staircase_pool_2
Lair:4:   minmay_shoals_entry_centaurs, minmay_snake_entry_guardpost_small,
          portal_ice_cave_demonic_guard, disabler_island, uniq_sonja
Lair:5:   gammafunk_ghost_arena, nicolae_quartered_pool_medium, st_stairs_8
Lair:6:   evilmike_catoblepas_cave, dpeg_slime_entry_corner, lab_entry_generic,
          uniq_snorg
Shoals:1: serial_shops, nicolae_shop_waterfront
Shoals:2: nzn_motion_control, uniq_ilsuiw
Shoals:4: shoals_end_hangedman, uniq_polyphemus, uniq_nikola
Snake:1:  gammafunk_sealed_library, ebering_ghost_inner_flame, lemuel_fruit_tree
Snake:2:  grunt_ministairs_11, uniq_roxanne
Snake:3:  spider_trap
Snake:4:  grunt_snake_rune_pools, uniq_agnes
Orc:2:    st_orc_open, uniq_rupert, uniq_azrael
Vaults:1: ebering_vaults_ghost_reflecting_pool, hangedman_vaults_stream,
          nicolae_vaults_circle_grid_a, vaults_room_hallway,
          hangedman_vaults_corner, ontoclasm_vaults_loading_screen,
          ontoclasm_vaults_gateway, hangedman_vaults_hat,
          nicolae_vaults_ring_of_whatevers, v_misc_26, hangedman_vaults_stitches
Vaults:2: ebering_vaults_ghost_xom, grunt_vaults_bifocal,
          hangedman_vaults_nails, nicolae_vaults_little_squares_2,
          nicolae_vaults_quartermaster, nicolae_vaults_three_branches,
          nicolae_vaults_circle_grid_a, hangedman_vaults_cutoff, v_misc_29,
          v_misc_9, ontoclasm_vaults_ring_small, hangedman_vaults_restitches,
          nicolae_vaults_little_squares_1, serial_ice_g, vaults_room_grid
Lab:      labyrinth_spiral, nicolae_lab_big_swirl, nicolae_lab_plus
IceCv:    ice_cave_statue_garden_transporter

Table legend:
 A = Turns spent in this place as a percentage of turns spent in the entire game.
 B = Non-inter-level travel turns spent in this place as a percentage of non-inter-level travel turns spent in the entire game.
 C = Inter-level travel turns spent in this place as a percentage of turns spent in this place.
 D = Turns resting spent in this place as a percentage of non-inter-level travel turns spent in this place.
 E = Turns spent auto-exploring this place as a percentage of non-inter-level travel turns spent in this place.
 F = Non-inter-level travel turns spent in this place divided by the number of levels of this place that you've seen.
                   A       B       C       D       E      F
               +-------+-------+-------+-------+-------+----------------------
         Total | 100.0 | 100.0 |   8.1 |  21.1 |  53.8 | 1177.5
       Dungeon |  39.2 |  37.9 |  11.2 |  13.0 |  65.7 | 1042.2
          Lair |  17.9 |  17.3 |  11.4 |  13.7 |  62.7 | 1186.0
        Shoals |  17.5 |  18.4 |   3.7 |  45.5 |  32.1 | 1894.5
     Snake Pit |  14.7 |  15.4 |   3.7 |  28.1 |  45.2 | 1586.8
  Orcish Mines |   3.6 |   3.4 |  11.0 |   8.4 |  61.6 | 709.0
        Vaults |   5.2 |   5.5 |   2.3 |   3.7 |  55.1 | 1140.5
     Labyrinth |   1.2 |   1.3 |   0.0 |  17.1 |   0.0 | 556.0
      Ice Cave |   0.6 |   0.7 |   0.0 |  58.5 |   8.5 | 284.0
               +-------+-------+-------+-------+-------+----------------------

Table legend:
 A = Kills in this place as a percentage of kills in entire the game.
 B = Kills by you in this place as a percentage of kills by you in the entire game.
 C = Kills by friends in this place as a percentage of kills by friends in the entire game.
 D = Other kills in this place as a percentage of other kills in the entire game.
 E = Experience gained in this place as a percentage of experience gained in the entire game.
 F = Experience gained in this place divided by the number of levels of this place that you have seen.
                   A       B       C       D       E      F
               +-------+-------+-------+-------+-------+----------------------
         Total | 100.0 | 100.0 | 100.0 | 100.0 | 100.0 | 12475.4
       Dungeon |  36.7 |  37.4 |   0.0 |   0.0 |  14.0 | 4082.9
          Lair |  16.8 |  17.1 |   0.0 |   0.0 |  13.9 | 10086.3
        Shoals |  12.9 |  11.6 |  90.0 |  66.7 |  22.2 | 24209.8
     Snake Pit |  13.4 |  13.7 |   0.0 |   0.0 |  22.1 | 24110.0
  Orcish Mines |   7.3 |   7.5 |   0.0 |   0.0 |   5.9 | 12822.0
        Vaults |  11.9 |  12.1 |   0.0 |  33.3 |  21.1 | 46075.5
     Labyrinth |   0.1 |   0.1 |   0.0 |   0.0 |   0.3 | 1215.0
      Ice Cave |   0.8 |   0.6 |  10.0 |   0.0 |   0.6 | 2589.0
               +-------+-------+-------+-------+-------+----------------------
